Map: Tokamak LE

Players

KimChiLoVer - Winner!

  • Race: Terran Terran
  • League: Diamond
  • Spawn Location: 1:00

A.I. 1 (Elite)

  • Race: Protoss Protoss
  • Spawn Location: 7:00

VOD

Have the link to the VOD?

Description

Time

  • Played on: Sept. 2, 2025, 10:15 p.m.
  • Length: 6:34
Show
View Real Time Build Order
Export as new Build Order

KimChiLoVer Terran - Winner!

Build Orders: Cyclone Opening 

Get SALT Encoding   

  12  0:00  SCV  
  13  0:14  SCV  
  14  0:18  Supply Depot  
  14  0:26  SCV  
  15  0:40  Barracks, SCV  
  16  0:45  Refinery  
  16  0:52  SCV  
  16  0:54  Refinery  
  17  1:04  SCV  
  18  1:16  SCV  
  19  1:28  Orbital Command, Supply Depot  
  19  1:30  Reaper  
  20  1:45  Factory  
  20  1:57  SCV  
  21  2:06  Barracks Reactor  
  21  2:17  Command Center  
  21  2:18  SCV  
  22  2:35  SCV  
  23  2:37  Starport  
  23  2:38  Factory Tech Lab  
  23  2:57  Marine x2  
  24  2:59  Cyclone  
  24  3:01  SCV  
  24  3:04  Supply Depot  
  28  3:13  SCV  
  28  3:14  Medivac  
  31  3:25  Marine x2  
  31  3:26  Supply Depot  
  33  3:31  Siege Tank  
  36  3:43  Marine x2  
  38  3:51  Orbital Command  
  38  3:59  Viking  
  40  4:03  Siege Tank, Marine x2  
  40  4:06  Refinery  
  44  4:22  Marine x2  
  45  4:35  Siege Tank  
  48  4:39  Viking  
  50  4:55  Marine x2  
  51  5:18  Siege Tank  
  51  5:20  Marine x2  
  56  5:21  Viking  
  57  5:43  Marine x2  
  59  5:51  Viking  
  61  6:00  Marine  
  62  6:20  Supply Depot  
  62  6:22  Supply Depot  
Show
View Real Time Build Order
Export as new Build Order

A.I. 1 (Elite) Protoss 

Build Orders:  

Get SALT Encoding   

  12  0:00  Probe  
  13  0:13  Probe  
  14  0:20  Pylon  
  14  0:25  Probe  
  15  0:34  Probe  
  15  0:42  Probe  
  16  0:47  Assimilator  
  17  0:51  Gateway  
  17  0:52  Probe  
  18  1:00  Pylon, Probe  
  19  1:08  Probe  
  20  1:18  Probe  
  21  1:30  Probe  
  22  1:38  Zealot  
  24  1:41  Cybernetics Core  
  24  1:42  Probe  
  25  1:58  Probe  
  25  1:59  Nexus  
  26  2:07  Probe  
  26  2:08  Warp Gate  
  26  2:15  Stalker, Probe  
  29  2:27  Probe  
  29  2:28  Pylon  
  30  2:39  Gateway, Probe  
  31  2:51  Probe  
  30  2:56  Assimilator  
  30  3:01  Probe  
  30  3:02  Adept  
  33  3:09  Probe  
  33  3:11  Probe  
  33  3:12  Pylon  
  34  3:18  Probe  
  35  3:26  Adept, Probe  
  39  3:29  Probe  
  40  3:37  Robotics Facility  
  40  3:40  Adept  
  42  3:42  Probe  
  42  3:44  Probe  
  44  3:54  Probe  
  45  3:56  Probe  
  46  4:03  Adept  
  46  4:05  Probe  
  46  4:08  Probe  
  50  4:10  Pylon  
  50  4:13  Probe  
  46  4:17  Adept  
  46  4:21  Adept, Probe  
  46  4:34  Stalker  
  46  4:37  Adept  
  46  4:38  Immortal  
  54  4:47  Probe  
  54  4:49  Probe  
  54  4:50  Pylon  
  54  4:57  Stalker, Adept  
  39  5:14  Probe  
  39  5:17  Stalker  
  39  5:18  Probe  
  39  5:20  Adept  
  41  5:25  Twilight Council  
  37  5:33  Adept  
  31  5:40  Sentry  
  32  5:50  Adept  
  24  6:03  Stalker  
  22  6:08  Templar Archives  
  21  6:11  Zealot  
Tags
 
League
Diamond
Matchup
PvT
Spawn Locations
Cross Positions
Add a new tag
Caveats
  • Supply blocks, unpowered buildings, or Contaminate may cause inaccurate times.
  • Supply counts are checked every 10 seconds.